 Dungeon Crawl Stone Soup version 0.30-a0-352-g1e81539c98 (webtiles) character file.

Game seed: 5757913644869676552

50251 LetschGu the Grappler (level 13, -1/129 (146) HPs)
             Began as a Troll Transmuter on Nov 7, 2022.
             Was the Champion of Jiyva.
             Slain by a spectral seven-headed hydra (7 damage)
             ... on level 4 of the Lair of Beasts.
             The game lasted 00:49:10 (13436 turns).

LetschGu the Grappler (Troll Transmuter)           Turns: 13436, Time: 00:49:11

HP:   -1/129 (146)  AC:  8    Str: 19    XL:     13   Next: 57%
MP:   23/25         EV: 13    Int: 17    God:    Jiyva [******]
Gold: 846           SH:  0    Dex: 18    Spells: 9/24 levels left

rFire   x . .      SeeInvis +      - Unarmed
rCold   + + +      Faith    .    (shield currently unavailable)
rNeg    + . .      Spirit   .    (body armour currently unavailable)
rPois   +          Reflect  .    (helmet currently unavailable)
rElec   .          Harm     .    (cloak currently unavailable)
rCorr   +          Rampage  .    (gloves unavailable)
Will    .....                    (boots unavailable)
Stlth   +.........               (no amulet)
HPRegen 2.81/turn                G - ring of wizardry
MPRegen 0.69/turn                i - ring of Foiwk {Fly rPois rN+ Int+6 Stlth-}

@: ice-form, flying, heavily drained
A: freezing attack, amphibious, boosted hp, large, unfitting armour, (claws 3),
regeneration 1, (shaggy fur 1), (tough skin 1), (hooves 3), see invisible, agile
2, high MP 2, sense surroundings 3, (translucent skin 1), (jelly absorbing
missiles), (engulf)
}: 1/15 runes: slimy
a: End Transformation, Renounce Religion, Oozemancy, Slimify


You were on level 4 of the Lair of Beasts.
You worshipped Jiyva.
Jiyva was exalted by your worship.
You were a creature of crystalline ice.
You visited 4 branches of the dungeon, and saw 21 of its levels.
You also visited: Gauntlet.

You collected 846 gold pieces.

Inventory:

Hand Weapons
 n - the +5 hand axe of Desperation {vorpal, rPois MP+9 Str+4}
   (You found it on level 5 of the Pits of Slime)

   It inflicts extra damage upon your enemies.
   Str:       It affects your strength (+4).
   rPois:     It protects you from poison.
   MP:        It affects your magic capacity (+9).
 u - a +2 hand axe of venom
 w - a +0 spectral giant spiked club
 z - the +7 long sword of Rempevvoweu {chaos, rPois Str+2 Int+8}
   (You found it on level 7 of the Dungeon)

   Each time it hits an enemy it has a different, random effect.
   Str:       It affects your strength (+2).
   Int:       It affects your intelligence (+8).
   rPois:     It protects you from poison.
 Q - a +6 sling
 W - a +0 demon trident
Missiles
 v - 22 poisoned darts
 F - 4 javelins
 O - 5 atropa-tipped darts
Armour
 h - a +1 robe of positive energy
 q - +3 steam dragon scales (melded)
 R - a +2 hat (melded)
 Z - a +0 robe
Magical Staves
 S - a staff of cold
 X - a staff of earth
Jewellery
 a - the dreamshard necklace {*Dream Drain}
   (You found it on level 5 of the Pits of Slime)

   [amulet of nothing]

   It shatters if its wearer takes lethal or near-lethal damage, preventing the
   blow and releasing protective dreams that heal and fight for the wearer.
   Drain:     It drains your maximum health when unequipped.
 i - the ring of Foiwk (right front paw) {Fly rPois rN+ Int+6 Stlth-}
   (You found it in a Gauntlet)

   [ring of intelligence]

   Int:       It affects your intelligence (+6).
   rPois:     It protects you from poison.
   rN:        It protects you from negative energy.
   Fly:       It grants you flight.
   Stlth:     It makes you less stealthy.
 y - an amulet of faith
 G - a ring of wizardry (left front paw)
 I - a ring of magical power
 N - a ring of magical power
Wands
 k - a wand of paralysis (12)
 t - a wand of digging (4)
 A - a wand of flame (19)
 C - a wand of iceblast (11)
 L - a wand of quicksilver (5)
 M - a wand of polymorph (6)
Scrolls
 c - 4 scrolls of noise
 e - 2 scrolls of torment
 f - 4 scrolls of teleportation
 j - a scroll of vulnerability
 m - a scroll of butterflies
 o - a scroll of fear
 r - a scroll of amnesia
 s - 3 scrolls of magic mapping
 x - a scroll of brand weapon
 B - a scroll of immolation
 J - a scroll of summoning {unknown}
 T - a scroll of silence {unknown}
 V - a scroll of poison {unknown}
Potions
 b - 3 potions of heal wounds
 d - 5 potions of attraction
 g - a potion of haste
 l - 6 potions of curing {unknown}
 p - 2 potions of brilliance {unknown}
 D - 2 potions of invisibility {unknown}
 H - a potion of mutation {unknown}
 K - a potion of magic {unknown}
 P - 2 potions of degeneration {unknown}
 U - a potion of berserk rage {unknown}
Miscellaneous
 E - a lightning rod (4/4)


   Skills:
 + Level 6.4 Fighting
 + Level 6.6 Dodging
 * Level 11.4 Unarmed Combat
 + Level 6.1 Spellcasting
 - Level 1.1 Conjurations
 + Level 3.5 Translocations
 * Level 8.5 Transmutations
 - Level 5.0 Ice Magic
 * Level 5.3 Earth Magic
 - Level 3.4 Poison Magic


You had 9 spell levels left.
You knew the following spells:

 Your Spells              Type           Power      Damage    Failure   Level
a - Beastly Appendage     Tmut           68%        N/A       1%          1
b - Wereblood             Tmut           34%        N/A       1%          2
c - Ice Form              Ice/Tmut       28%        N/A       3%          4
d - Mephitic Cloud        Conj/Pois/Air  10%        N/A       9%          3
f - Petrify               Tmut/Erth      28%        N/A       2%          4
g - Apportation           Tloc           34%        N/A       1%          1

Your spell library contained the following spells:

 Spells                   Type           Power      Damage    Failure   Level
 Freeze                   Ice            88%        1d9       1%          1
 Frozen Ramparts          Ice            44%        1d7       1%          3
 Spider Form              Tmut/Pois      25%        N/A       1%          3
 Cigotuvi's Dreadful Rot  Necr/Pois/Air  18%        N/A       4%          2
 Poisonous Vapours        Pois/Air       22%        N/A       4%          2
 Hailstorm                Conj/Ice       15%        3d5       4%          3
 Blade Hands              Tmut           17%        N/A       4%          5
 Portal Projectile        Hex/Tloc       22%        N/A       8%          3
 Manifold Assault         Tloc           17%        N/A       12%         4
 Alistair's Intoxication  Tmut/Pois      16%        N/A       12%         5
 Tukima's Dance           Hex            5%         N/A       16%         3
 Iskenderun's Mystic Bla  Conj/Tloc      13%        2d5       19%         4
 Flame Wave               Conj/Fire      7%         2d5       36%         4
 Dragon Form              Tmut           17%        N/A       75%         7
 Spellforged Servitor     Conj/Summ      3%         N/A       100%        7
 Borgnjor's Revivificati  Necr           2%         N/A       100%        8
 Necromutation            Tmut/Necr      9%         N/A       100%        8
 Death's Door             Necr           2%         N/A       100%        9


Dungeon Overview and Level Annotations

Branches:
Dungeon (10/15)            Temple (1/1) D:7            Lair (5/5) D:10
  Swamp (0/4) Lair:2       Spider (0/4) Lair:3        Slime (5/5) Lair:5
Gauntlet (visited)
    Orc: D:9-12

Altars:
Ashenzari
Cheibriados
Dithmenos
Elyvilon
Fedhas
Gozag
Hepliaklqana
Kikubaaqudgha
Makhleb
Nemelex Xobeh
Okawaru
Qazlal
Ru
Sif Muna
Trog
Uskayaw
Vehumet
Wu Jian
Xom
Yredelemnul
Zin
The Shining One
Jiyva

Shops:
D:9 :(=[[

Portals:
Hell: Lair:5

Annotations:
D:9 3 runed translucent doors, Odexios's ghost, novice OpTm
Lair:3 1 runed translucent door, Decritt's ghost, journeyman DjAE
Lair:4 Cyrchepe's ghost, journeyman FeSu
Slime:5 Royal Jelly


Innate Abilities, Weirdness & Mutations

You are a creature of crystalline ice.
You have a powerful freezing melee attack.
You are amphibious.
Your maximum health is increased.
Your armour is entirely melded.
You are incapable of wielding weapons or throwing items.
You are too large for most types of armour.
((You have claws for hands.))
Your natural rate of healing is unusually fast.
((You are covered in fur. (AC +1)))
((You have tough skin. (AC +1)))
((You have hooves in place of feet.))
You have supernaturally acute eyesight. (SInv)
You are very agile. (Dex +8, Str/Int -2)
You have a considerably increased reservoir of magic. (+20% MP)
You passively map a large area around you.
((Your translucent skin slightly reduces your foes' accuracy. (Stealth+)))
((You have a small jelly attached to you that may absorb projectiles.))
((Your melee attacks may engulf your foes in ooze.))


Message History

Unknown command.
You drop a +0 sling.
Cyrchepe's ghost barely misses you.
The spectral seven-headed hydra bites you but does no damage.
You stop dropping stuff.
The spectral seven-headed hydra barely misses you.
The spectral seven-headed hydra bites you!
You partially resist.
You feel drained.
The spectral seven-headed hydra bites you but does no damage.
The spectral seven-headed hydra bites you!
* * * LOW HITPOINT WARNING * * *
The spectral seven-headed hydra bites you but does no damage.
The spectral seven-headed hydra bites you!
* * * LOW HITPOINT WARNING * * *
The black mamba simulacrum bites you but does no damage.
The mana viper closely misses you.
As you read the scroll of fear, it crumbles to dust.
You assume a fearsome visage.
The dream sheep simulacrum is unaffected.
Cyrchepe's ghost is unaffected.
The spectral seven-headed hydra is unaffected.
The death yak simulacrum is unaffected.
The black mamba simulacrum is unaffected.
The boulder beetle simulacrum is unaffected.
The mana viper resists with almost no effort.
The lightning spire is unaffected.
The black mamba simulacrum closely misses you.
The spectral seven-headed hydra bites you but does no damage.
The spectral seven-headed hydra bites you.
* * * LOW HITPOINT WARNING * * *
The spectral seven-headed hydra barely misses you.
The spectral seven-headed hydra bites you.
* * * LOW HITPOINT WARNING * * *
You partially resist.
You feel drained.
* * * LOW HITPOINT WARNING * * *
The spectral seven-headed hydra bites you!
* * * LOW HITPOINT WARNING * * *
You partially resist.
You feel drained.
* * * LOW HITPOINT WARNING * * *
The spectral seven-headed hydra bites you!
You die...

....#####..####.....##†..###..#
#...##........#########†.##..##
....#....<....#..#.#(.####.#.#
##..##........##.)...## ####.#
##...######.###.......###....#
#....###..###.##.....##......###
..............#..Z....#........#
..............###WZ'###......P##
...............SYZZ...........#
..............J8.Z...........##
.............J...............#
.............................#
..#...####.#.###..##P##.##...##
#.#....####.###...#####.##....#
##.............#..# ###'##...##
..................###...##...#
#.............##..+.'...##...##


You could see a mana viper (summoned), a spectral seven-headed hydra (corroded),
a lightning spire (summoned), Cyrchepe's ghost, a black mamba simulacrum, a
death yak simulacrum, a boulder beetle simulacrum, a dream sheep simulacrum and
2 neutral jellies (fellow slime).

Vanquished Creatures
  Gastronok (Lair:3)
  A minotaur (Gauntlet)
  2 hydras
  A hell beast (Lair:5)
  3 death yaks (Lair:5)
  A boulder beetle (Lair:1)
  A wizard (Lair:5)
  A bog body (Lair:2)
  Pikel (D:7)
  5 elephants (Lair:5)
  A torpor snail (Lair:4)
  4 black mambas
  Joseph (D:8)
  2 orange demons (Lair:5)
  10 cane toads
  An unseen horror (D:10)
  7 rime drakes
  A kobold demonologist (D:8)
  6 komodo dragons
  2 ice devils (Lair:5)
  A hellwing (Lair:5)
  A red devil (Lair:5)
  A troll (D:10)
  4 polar bears
  14 blink frogs
  Prince Ribbit (D:8)
  A hornet (D:9)
  A dream sheep (Lair:4)
  A shadow (D:10)
  2 vampires
  3 wyverns
  2 spriggans (Lair:4)
  A basilisk (Lair:5)
  2 steam dragons
  33 yaks
  2 swamp worms (Lair:2)
  An acid dragon (D:9)
  Duvessa (D:6)
  4 hell hounds (Lair:5)
  12 water moccasins
  3 black bears
  2 orc warriors
  An ice beast (D:7)
  3 sky beasts (D:7)
  2 ogres
  8 wolves
  A boggart (Gauntlet)
  2 lemures (D:7)
  2 phantoms
  11 bullfrogs
  A kobold brigand (D:9)
  5 scorpions
  3 wights (D:9)
  6 killer bees
  5 electric eels
  7 howler monkeys
  6 hounds
  5 orc priests
  2 gnoll boudas
  Jessica (D:2)
  Terence (D:2)
  6 iguanas
  8 orc wizards
  7 gnolls
  5 adders
  A worm (D:2)
  2 dart slugs
  28 orcs
  6 ball pythons
  4 bats
  3 endoplasms (D:1)
  3 giant cockroaches
  7 goblins
  3 hobgoblins
  7 jackals
  3 quokkas
  2 frilled lizards
  7 kobolds
  4 rats (D:1)
323 creatures vanquished.

Vanquished Creatures (collateral kills)
  2 bog bodies (Lair:2)
  A cyclops (D:10)
  A gargoyle (D:10)
  2 yaks (D:10)
6 creatures vanquished.

Vanquished Creatures (others)
  An orange demon (Gauntlet)
  A rime drake (Lair:5)
  A phantom (D:6)
  A centaur (D:9)
  A bullfrog (D:8)
  A necrophage (D:7)
  Dowan (D:6)
  A killer bee (D:10)
  A howler monkey (D:10)
  58 jellies
  An orc priest (D:3)
  A hound (D:5)
  An orc wizard (D:8)
  A gnoll (D:7)
  An adder (D:6)
  2 shadow imps
  A worm (D:3)
  9 orcs
  2 endoplasms (D:4)
  A goblin (D:3)
  2 hobgoblins (D:3)
  A frilled lizard (D:3)
  59 fungi
  113 plants
  5 withered plants (D:2)
267 creatures vanquished.

Grand Total: 596 creatures vanquished

Notes
Turn   | Place    | Note
-------+----------+-------------------------------------------
     0 | D:1      | LetschGu the Troll Transmuter began the quest for the Orb.
     0 | D:1      | Reached XP level 1. HP: 18/18 MP: 1/1
   146 | D:1      | Reached XP level 2. HP: 26/26 MP: 3/3
   284 | D:1      | Reached skill level 1 in Fighting
   291 | D:1      | Learned a level 2 spell: Wereblood
   532 | D:1      | Reached XP level 3. HP: 33/33 MP: 4/4
   735 | D:2      | Noticed Jessica
   753 | D:2      | Killed Jessica
   771 | D:2      | Found a shimmering altar of Xom.
   784 | D:2      | Reached XP level 4. HP: 38/41 MP: 0/5
   854 | D:2      | Noticed Terence
   863 | D:2      | Killed Terence
   884 | D:2      | Found a faded altar of an unknown god.
   890 | D:2      | Prayed at the altar of an unknown god.
   890 | D:2      | Became a worshipper of Jiyva Jaeqim the Shapeless
   890 | D:2      | Reached * piety under Jiyva
  1362 | D:2      | Reached ** piety under Jiyva
  1550 | D:3      | Identified the +3 leather armour of Masochism {+Inv rC+
                  | Dex+2}
  1616 | D:3      | Found a blossoming altar of Fedhas.
  1626 | D:3      | Got Sif Muna's Omnibus of Geometric Evolution
  1761 | D:3      | Reached *** piety under Jiyva
  1761 | D:3      | Gained mutation: Your translucent skin slightly reduces
                  | your foes' accuracy. (Stealth+) [Jiyva's grace]
  1761 | D:3      | Gained mutation: Your translucent skin reduces your foes'
                  | accuracy. (Stealth+) [Jiyva's grace]
  1761 | D:3      | Gained mutation: Your transparent skin significantly
                  | reduces your foes' accuracy. (Stealth+) [Jiyva's grace]
  1761 | D:3      | Gained mutation: Your body has grown eyes which may confuse
                  | attackers. (Acc +3) [Jiyva's grace]
  2196 | D:4      | Noticed an ogre
  2202 | D:4      | Killed an ogre
  2203 | D:4      | Reached skill level 4 in Unarmed Combat
  2203 | D:4      | Reached XP level 5. HP: 48/48 MP: 5/7
  2331 | D:4      | Noticed a steam dragon
  2341 | D:4      | Killed a steam dragon
  2342 | D:4      | Reached XP level 6. HP: 28/57 MP: 8/8
  2449 | D:4      | Found the +18 Lear's hauberk
  2468 | D:4      | Reached **** piety under Jiyva
  2657 | D:5      | Entered Level 5 of the Dungeon
  2679 | D:5      | Reached XP level 7. HP: 57/65 MP: 9/9
  2710 | D:5      | Learned a level 4 spell: Ice Form
  2762 | D:5      | Reached skill level 5 in Unarmed Combat
  2808 | D:5      | Identified the +1 pair of gloves of the Lute {*Slow rCorr
                  | Str+4}
  2907 | D:5      | Reached skill level 1 in Ice Magic
  3253 | D:5      | Reached XP level 8. HP: 72/74 MP: 11/11
  3307 | D:5      | Found a burning altar of Makhleb.
  3462 | D:6      | Found a shadowy altar of Dithmenos.
  3463 | D:6      | Found a bloodstained altar of Trog.
  3471 | D:6      | Noticed Duvessa
  3471 | D:6      | Noticed Dowan
  3507 | D:6      | Reached ***** piety under Jiyva
  3567 | D:6      | Found a white marble altar of Elyvilon.
  3808 | D:6      | Gained mutation: Your body has grown many eyes which may
                  | confuse attackers. (Acc +5) [Jiyva's grace]
  3808 | D:6      | Gained mutation: Your body is covered in eyes which may
                  | confuse attackers. (Acc +7, SInv) [Jiyva's grace]
  3808 | D:6      | Gained mutation: You expend magic power (3 MP) to
                  | strengthen your wands. [Jiyva's grace]
  3808 | D:6      | Gained mutation: You are agile. (Dex +4, Str/Int -1)
                  | [Jiyva's grace]
  3821 | D:6      | Killed Dowan
  4087 | D:6      | Killed Duvessa
  4171 | D:7      | Identified the +7 long sword of Rempevvoweu {chaos, rPois
                  | Str+2 Int+8}
  4222 | D:7      | Reached skill level 6 in Unarmed Combat
  4237 | D:7      | Found a staircase to the Ecumenical Temple.
  4238 | D:7      | Noticed Pikel
  4334 | D:7      | Found a glowing silver altar of Zin.
  4453 | D:7      | Reached XP level 9. HP: 80/81 MP: 11/13
  4472 | D:7      | Killed Pikel
  4692 | D:7      | Found an ancient bone altar of Kikubaaqudgha.
  4925 | Temple   | Entered the Ecumenical Temple
  5292 | D:8      | Noticed Joseph
  5472 | D:8      | Noticed Prince Ribbit
  5485 | D:8      | Killed Prince Ribbit
  5508 | D:8      | Killed Joseph
  5509 | D:8      | Reached skill level 7 in Unarmed Combat
  5509 | D:8      | Reached skill level 5 in Transmutations
  5590 | D:8      | Noticed a kobold demonologist
  5606 | D:8      | Killed a kobold demonologist
  5895 | D:8      | Reached XP level 10. HP: 91/92 MP: 15/15
  6121 | D:8      | Found a shimmering blue altar of Sif Muna.
  6196 | D:9      | Lost mutation: You are agile. (Dex +4, Str/Int -1) [Jiyva's
                  | grace]
  6196 | D:9      | Lost mutation: Your body is covered in eyes which may
                  | confuse attackers. (Acc +7, SInv) [Jiyva's grace]
  6196 | D:9      | Lost mutation: Your body has grown many eyes which may
                  | confuse attackers. (Acc +5) [Jiyva's grace]
  6196 | D:9      | Lost mutation: Your body has grown eyes which may confuse
                  | attackers. (Acc +3) [Jiyva's grace]
  6196 | D:9      | Lost mutation: Your transparent skin significantly reduces
                  | your foes' accuracy. (Stealth+) [Jiyva's grace]
  6196 | D:9      | Gained mutation: You are agile. (Dex +4, Str/Int -1)
                  | [Jiyva's grace]
  6196 | D:9      | Gained mutation: You are very agile. (Dex +8, Str/Int -2)
                  | [Jiyva's grace]
  6196 | D:9      | Gained mutation: You have an increased reservoir of magic.
                  | (+10% MP) [Jiyva's grace]
  6196 | D:9      | Gained mutation: You have a considerably increased
                  | reservoir of magic. (+20% MP) [Jiyva's grace]
  6228 | D:9      | Found a runed translucent gate.
  6228 | D:9      | Found a runed translucent gate.
  6229 | D:9      | Noticed Odexios's ghost (novice OpTm)
  6229 | D:9      | Noticed an 11-headed hydra
  6231 | D:9      | Found a runed translucent gate.
  6232 | D:9      | Noticed a ten-headed hydra
  6242 | D:9      | Found a broken altar of Ashenzari.
  6422 | D:9      | Paralysed by a hornet for 2 turns
  6498 | D:9      | Reached ****** piety under Jiyva
  6537 | D:9      | Found Efeah's Jewellery Shoppe.
  6606 | D:9      | Found Wuanlel's Antique Weapon Shoppe.
  6625 | D:9      | Found Diuwohyn's Book Emporium.
  6635 | D:9      | Found Xamacyal's Armour Boutique.
  6648 | D:9      | Found Puacw's Antique Armour Emporium.
  7339 | D:10     | Entered Level 10 of the Dungeon
  7400 | D:10     | Noticed a cyclops
  7405 | D:10     | Killed a cyclops
  7471 | D:10     | Reached skill level 8 in Unarmed Combat
  7509 | D:10     | Noticed a gargoyle
  7519 | D:10     | Killed a gargoyle
  7556 | D:10     | Found a sacrificial altar of Ru.
  7680 | D:10     | Found a staircase to the Lair.
  7794 | D:10     | Reached skill level 5 in Spellcasting
  7925 | D:10     | Reached skill level 5 in Ice Magic
  8031 | D:10     | Found an ornate altar of the Wu Jian Council.
  8245 | Lair:1   | Entered Level 1 of the Lair of Beasts
  8304 | Lair:1   | Lost mutation: Your translucent skin reduces your foes'
                  | accuracy. (Stealth+) [Jiyva's grace]
  8304 | Lair:1   | Lost mutation: You expend magic power (3 MP) to strengthen
                  | your wands. [Jiyva's grace]
  8304 | Lair:1   | Gained mutation: You passively map a small area around you.
                  | [Jiyva's grace]
  8304 | Lair:1   | Gained mutation: You passively map the area around you.
                  | [Jiyva's grace]
  8304 | Lair:1   | Gained mutation: You passively map a large area around you.
                  | [Jiyva's grace]
  8304 | Lair:1   | Gained mutation: Your muscles are strong. (Str +4, Int/Dex
                  | -1) [Jiyva's grace]
  8337 | Lair:1   | Found a gate leading to a gauntlet.
  8342 | Gauntlet | Entered a Gauntlet
  8342 | Gauntlet | Noticed a gargoyle
  8342 | Gauntlet | Noticed a catoblepas
  8342 | Gauntlet | Found a large runed translucent door.
  8342 | Gauntlet | Found a large runed translucent door.
  8342 | Gauntlet | Found a large runed translucent door.
  8342 | Gauntlet | Found a large runed translucent door.
  8342 | Gauntlet | Found a runed translucent door.
  8342 | Gauntlet | Found a large runed translucent door.
  8342 | Gauntlet | Found a large runed translucent door.
  8342 | Gauntlet | Found a transporter.
  8342 | Gauntlet | Found a transporter.
  8342 | Gauntlet | Found a large runed translucent door.
  8342 | Gauntlet | Found a large runed translucent door.
  8342 | Gauntlet | Found a runed translucent gate.
  8342 | Gauntlet | Found a runed translucent gate.
  8342 | Gauntlet | Found a transporter.
  8344 | Gauntlet | Found a runed translucent door.
  8344 | Gauntlet | Found a runed translucent gate.
  8345 | Gauntlet | Found a large runed translucent door.
  8345 | Gauntlet | Found a large runed translucent door.
  8345 | Gauntlet | Found a large runed translucent door.
  8345 | Gauntlet | Found a large runed translucent door.
  8346 | Gauntlet | Found a large runed translucent door.
  8346 | Gauntlet | Found a large runed translucent door.
  8347 | Gauntlet | Found a large runed translucent door.
  8347 | Gauntlet | Found a large runed translucent door.
  8352 | Gauntlet | Noticed a gargoyle
  8352 | Gauntlet | Noticed a worldbinder
  8356 | Gauntlet | Found a transporter.
  8363 | Gauntlet | Noticed a sixfirhy
  8367 | Gauntlet | Found a transporter.
  8369 | Gauntlet | Noticed a sixfirhy
  8371 | Gauntlet | Found a transporter.
  8371 | Gauntlet | Noticed a sixfirhy
  8373 | Gauntlet | Found a transporter.
  8374 | Gauntlet | Noticed a sixfirhy
  8378 | Gauntlet | Found a transporter.
  8378 | Gauntlet | Found a transporter.
  8378 | Gauntlet | Noticed an orange demon
  8379 | Gauntlet | Noticed a quicksilver ooze
  8381 | Gauntlet | Noticed an orange demon
  8397 | Gauntlet | Found a transporter.
  8483 | Gauntlet | Found a transporter.
  8491 | Gauntlet | Noticed a green death
  8511 | Gauntlet | Found a transporter.
  8623 | Gauntlet | Killed an orange demon
  8655 | Gauntlet | Identified the ring of Foiwk {Fly rPois rN+ Int+6 Stlth-}
  8663 | Gauntlet | Learned a level 3 spell: Mephitic Cloud
  8666 | Gauntlet | Learned a level 2 spell: Poisonous Vapours
  8678 | Gauntlet | Learned a level 4 spell: Petrify
  8691 | Gauntlet | Noticed a minotaur
  8705 | Gauntlet | Killed a minotaur
  8706 | Gauntlet | Reached XP level 11. HP: 53/101 MP: 14/21
  8715 | Gauntlet | Identified the +2 buckler "Vicw" {Str+3 Stlth+}
  9057 | Lair:1   | Noticed a boulder beetle
  9069 | Lair:1   | Killed a boulder beetle
  9070 | Lair:1   | Reached skill level 1 in Earth Magic
  9441 | Lair:2   | Reached skill level 5 in Dodging
  9441 | Lair:2   | Reached skill level 1 in Poison Magic
  9464 | Lair:2   | Reached skill level 1 in Conjurations
  9503 | Lair:2   | Learned a level 1 spell: Apportation
  9541 | Lair:2   | Reached skill level 9 in Unarmed Combat
  9693 | Lair:2   | Reached skill level 5 in Fighting
  9901 | Lair:2   | Gained mutation: You have large cloven feet. [Jiyva's
                  | grace]
  9901 | Lair:2   | Gained mutation: You have hoof-like feet. [Jiyva's grace]
  9901 | Lair:2   | Gained mutation: You have hooves in place of feet. [Jiyva's
                  | grace]
  9901 | Lair:2   | Gained mutation: Your translucent skin reduces your foes'
                  | accuracy. (Stealth+) [Jiyva's grace]
  9925 | Lair:2   | Reached skill level 1 in Translocations
  9930 | Lair:2   | Noticed a bog body
  9941 | Lair:2   | Killed a bog body
  9956 | Lair:2   | Noticed a bog body
  9957 | Lair:2   | Found a staircase to the Swamp.
  9957 | Lair:2   | Noticed a bog body
  9964 | Lair:2   | Killed a bog body
  9965 | Lair:2   | Killed a bog body
 10210 | Lair:3   | Found a runed translucent door.
 10213 | Lair:3   | Noticed Decritt's ghost (journeyman DjAE)
 10323 | Lair:3   | Reached XP level 12. HP: 43/111 MP: 23/23
 10410 | Lair:3   | Found a hole to the Spider Nest.
 10683 | Lair:3   | Noticed Gastronok
 10710 | Lair:3   | Killed Gastronok
 10711 | Lair:3   | Reached skill level 10 in Unarmed Combat
 11093 | Lair:3   | Noticed a seven-headed hydra
 11110 | Lair:3   | Killed an 11-headed hydra
 11248 | Lair:4   | Lost mutation: You passively map a large area around you.
                  | [Jiyva's grace]
 11248 | Lair:4   | Lost mutation: Your muscles are strong. (Str +4, Int/Dex
                  | -1) [Jiyva's grace]
 11248 | Lair:4   | Lost mutation: Your translucent skin reduces your foes'
                  | accuracy. (Stealth+) [Jiyva's grace]
 11248 | Lair:4   | Gained mutation: You have supernaturally acute eyesight.
                  | (SInv) [Jiyva's grace]
 11248 | Lair:4   | Gained mutation: You passively map a large area around you.
                  | [Jiyva's grace]
 11248 | Lair:4   | Gained mutation: Your melee attacks may engulf your foes in
                  | ooze. [Jiyva's grace]
 11248 | Lair:4   | Gained mutation: You have a small jelly attached to you
                  | that may absorb projectiles. [Jiyva's grace]
 11601 | Lair:4   | Found a runed translucent gate.
 11602 | Lair:4   | Found a runed translucent gate.
 11603 | Lair:4   | Found a runed translucent gate.
 11604 | Lair:4   | Noticed Cyrchepe's ghost (journeyman FeSu)
 12154 | Lair:5   | Entered Level 5 of the Lair of Beasts
 12287 | Lair:5   | Reached XP level 13. HP: 107/120 MP: 25/25
 12427 | Lair:5   | Found a staircase to the Slime Pits.
 12427 | Lair:5   | Found a viscous altar of Jiyva.
 12554 | Lair:5   | Reached skill level 11 in Unarmed Combat
 12978 | Lair:5   | Reached skill level 5 in Earth Magic
 13053 | Lair:5   | Found a burning altar of Makhleb.
 13062 | Lair:5   | Found a gateway to Hell.
 13200 | Slime:1  | Entered Level 1 of the Pits of Slime
 13203 | Slime:1  | Noticed an azure jelly
 13207 | Slime:1  | Noticed a rockslime
 13209 | Slime:2  | Noticed an acid blob
 13210 | Slime:2  | Noticed a quicksilver ooze
 13217 | Slime:3  | Noticed an acid blob
 13218 | Slime:3  | Noticed an acid blob
 13220 | Slime:4  | Noticed a quicksilver ooze
 13220 | Slime:4  | Noticed an acid blob
 13225 | Slime:4  | Noticed an azure jelly
 13231 | Slime:5  | Entered Level 5 of the Pits of Slime
 13231 | Slime:5  | Noticed an acid blob
 13239 | Slime:5  | Noticed an acid blob
 13240 | Slime:5  | Noticed an azure jelly
 13250 | Slime:5  | Found a viscous altar of Jiyva.
 13250 | Slime:5  | Noticed an acid blob
 13251 | Slime:5  | Noticed an azure jelly
 13252 | Slime:5  | Noticed a rockslime
 13252 | Slime:5  | Noticed an acid blob
 13252 | Slime:5  | Noticed an azure jelly
 13253 | Slime:5  | Noticed the Royal Jelly
 13254 | Slime:5  | Got the Grimoire of Bolts
 13255 | Slime:5  | Noticed an azure jelly
 13257 | Slime:5  | Found the dreamshard necklace {*Dream Drain}
 13257 | Slime:5  | Noticed an acid blob
 13261 | Slime:5  | Noticed an acid blob
 13262 | Slime:5  | Noticed a quicksilver ooze
 13269 | Slime:5  | Identified the +0 buckler of Yredelemnul's Reproof {MP+9}
 13271 | Slime:5  | Got a slimy rune of Zot
 13273 | Slime:5  | Identified the +5 hand axe of Desperation {vorpal, rPois
                  | MP+9 Str+4}
 13282 | Slime:5  | Identified the +9 morningstar "Zidiu" {drain, rElec rN+
                  | Int-3 Dex+3}
 13313 | Slime:5  | Noticed a rockslime
 13317 | Slime:5  | Noticed an azure jelly
 13318 | Slime:5  | Noticed a quicksilver ooze
 13343 | Slime:3  | Noticed an acid blob
 13348 | Slime:2  | Noticed an acid blob
 13436 | Lair:4   | HP: 6/129 [spectral seven-headed hydra (2)]
 13436 | Lair:4   | Slain by a spectral seven-headed hydra

Illustrated notes

Levels and vault maps discovered:
D:1:      giann_horns, layout_loops_ring, nicolae_titane
D:2:      layout_loops_ring, basic_altar, ebering_ecumenical_altar_petrified,
          fountainhead, uniq_jessica, uniq_terence
D:3:      layout_basic, mainiacjoe_overflow_tiny_flanked,
          chequers_serial_rivers_marsh, chequers_serial_rivers_micro_a,
          st_stairs_4
D:4:      layout_rooms
D:5:      layout_cave_pods, makhleb_heckhound_becter, hangedman_decor_lopped,
          minivault_11, kennysheep_generic_room_8
D:6:      layout_loops_cross, mainiacjoe_overflow_alcove_2,
          grunt_temple_overflow_open, uniq_duvessa
D:7:      layout_loops_cross, mainiacjoe_overflow_six_doors_small, zin_treasury,
          minmay_temple_entry_mini_moons, chequers_serial_rivers_small_3,
          minmay_manual_mail, uniq_pikel
D:8:      layout_basic, tgw_sif, minmay_door_square,
          dreamdust_princess_corridor, uniq_prince_ribbit1, uniq_joseph
D:9:      layout_stronghold, nicolae_ashenzari_skybound,
          gammafunk_ghost_hydra_chop, serial_shops, nicolae_shop_behind_doors,
          nicolae_shop_hallway_plus, nicolae_shop_stone, shop, shop
D:10:     layout_loops_cross, nicolae_ru_sacrificial_ziggurat,
          nzn_wu_jian_contemplation, lair_entry_dummy, st_stairs_9,
          minmay_increasing_density
Temple:   nicolae_temple_bog_church
Lair:1:   layout_roguey, gauntlet_entry_generic, nzn_sisyphean_effort
Lair:2:   layout_chaotic_city, nicolae_swamp_entry_splash_gauntlet,
          worms_lemuel, lemuel_fruit_tree
Lair:3:   layout_regular_city, dummy_spider_entry,
          hellmonk_ghost_happy_afterlife, serial_bayou_lagoon_a,
          chequers_serial_rivers_micro_a, minivault_19, fungi_pond_lemuel,
          minivault_25, uniq_gastronok
Lair:4:   layout_regular_city, gammafunk_ghost_necromancy, st_stairs_11,
          chequers_serial_rivers_room_b, forest_entry_grove,
          serial_bayou_shore_b
Lair:5:   evil_forest, layout_loops_ring, slime_entry_1,
          grunt_forest_small_clearing_treed, infiniplex_staircase_pool,
          serial_bayou_shore_a
Slime:1:  layout_caves, basic_altar, cheibrodos_slime_lost_civilization_7
Slime:2:  layout_caves
Slime:3:  layout_caves, cheibrodos_slime_lost_civilization_4
Slime:4:  layout_caves, basic_altar
Slime:5

Skill      XL: |  1  2  3  4  5  6  7  8  9 10 11 12 13 |
---------------+----------------------------------------+-----
Fighting       | 1 2 3 4 5 6 |  6.4
Transmutations | 2 3 4 5 6 7 8 |  8.5
Dodging        | 2 3 4 5 6 |  6.6
Unarmed Combat | 4 5 6 7 8 9 10 11 | 11.4
Spellcasting   | 2 3 4 5 6 |  6.1
Ice Magic      | 1 2 4 5 |  5.0
Earth Magic    | 2 4 5 |  5.3
Poison Magic   | 2 3 |  3.4
Conjurations   | 1 |  1.1
Translocations | 1 2 3 |  3.5

Action                   |  1- 3 |  4- 6 |  7- 9 | 10-12 | 13-15 || total
-------------------------+-------+-------+-------+-------+-------++-------
Melee: Unarmed           |    61 |    96 |   238 |   549 |   178 ||  1122
       Kick              |       |     2 |    10 |    81 |    46 ||   139
       Headbutt          |       |     4 |     5 |    11 |    10 ||    30
       Punch             |       |     1 |    16 |    33 |     8 ||    58
 Cast: Wereblood         |     2 |     3 |     8 |    18 |     5 ||    36
       Beastly Appendage |     1 |     3 |     7 |     5 |       ||    16
       Ice Form          |       |       |       |    10 |     4 ||    14
       Mephitic Cloud    |       |       |       |     2 |       ||     2
       Apportation       |       |       |       |     1 |     6 ||     7
Invok: Oozemancy         |       |       |     2 |     4 |       ||     6
Evoke: Wand              |       |       |       |    17 |       ||    17
  Use: Scroll            |       |     4 |     4 |    11 |     2 ||    21
       Potion            |       |     1 |       |     4 |       ||     5
 Stab: Sleeping          |     1 |     1 |     1 |     2 |       ||     5
       Confused          |       |       |     1 |       |       ||     1
       Paralysed         |       |       |       |     5 |       ||     5
Armor: Robe              |    21 |    38 |       |       |       ||    59
       Skin              |       |     3 |       |    32 |    22 ||    57
       Steam dragon scal |       |     1 |    60 |   126 |    33 ||   220
Dodge: Dodged            |    18 |    56 |   122 |   308 |   121 ||   625

Table legend: (Time is in decaauts)
 A = Elapsed time spent in this place.
 B = Non-inter-level travel time spent in this place.
 C = Inter-level travel time spent in this place.
 D = Time resting spent in this place.
 E = Time spent auto-exploring this place.
 F = Levels seen in this place.
 G = Mean time per level.
                   A        B        C        D        E       F      G
               +--------+--------+--------+--------+--------+-----+--------+
         Total |  13323 |  12441 |    882 |     43 |   9157 |  22 |  605.6 |
       Dungeon |   7995 |   7434 |    561 |     10 |   5929 |  10 |  799.5 |
        Temple |    218 |    202 |     16 |      0 |    188 |   1 |  218.0 |
          Lair |   4566 |   4354 |    212 |      4 |   3039 |   5 |  913.2 |
    Slime Pits |    162 |     70 |     92 |      0 |      0 |   5 |   32.4 |
      Gauntlet |    380 |    380 |      0 |     29 |      0 |   1 |  380.0 |
               +--------+--------+--------+--------+--------+-----+--------+

Top non-repeatable levels by time:
     D:9: 1102 daAuts
  Lair:5: 1032 daAuts
     D:8: 1027 daAuts
  Lair:4: 1016 daAuts
  Lair:3: 973 daAuts
     D:7: 871 daAuts
    D:10: 863 daAuts
  Lair:2: 835 daAuts
     D:5: 804 daAuts
     D:3: 796 daAuts
     D:2: 787 daAuts
  Lair:1: 708 daAuts
     D:6: 677 daAuts
     D:1: 646 daAuts
     D:4: 419 daAuts
